 Dungeon Crawl Stone Soup version bcrawl-1.19.1 (webtiles) character file.

Game seed: 12484325331950959533

116 diana the Skirmisher (level 4, 0/40 HPs)
             Began as a Minotaur Sloth Apostle on Nov 24, 2019.
             Was a Follower of Cheibriados.
             Slain by Sigmund
             ... wielding a +0 scythe
              (8 damage)
             ... on level 2 of the Dungeon.
             The game lasted 00:01:59 (1778 turns).

diana the Skirmisher (Minotaur Sloth Apostle)       Turns: 1778, Time: 00:02:00

Health: 0/40       AC:  2    Str: 20    XL:     4   Next: 70%
Magic:  0/4        EV:  9    Int: 11    God:    Cheibriados [*.....]
Gold:   247        SH:  9    Dex: 11    Spells: 4/5 levels left

rFire    . . .     SeeInvis .   a - +0 hand axe
rCold    . . .     Gourm    .   c - +0 shield
rNeg     . . .     Faith    .   b - +0 robe
rPois    .         Spirit   +   (helmet restricted)
rElec    +         Reflect  .   h - scarf {Spirit}
rCorr    .         Harm     .   (no gloves)
MR       .....                  (no boots)
Stlth    ++........             (no amulet)
HPRegen  0.13/turn              j - +3 ring of slaying
MPRegen  0.09/turn              k - ring of insulation

@: swift, flying
A: retaliatory headbutt, horns 2
a: Bend Time, Renounce Religion


You were on level 2 of the Dungeon.
You worshipped Cheibriados.
Cheibriados was aware of your devotion.
You were hungry.

You visited 1 branch of the dungeon, and saw 2 of its levels.

You collected 247 gold pieces.

Inventory:

Hand Weapons
 a - a +0 hand axe (weapon)
Armour
 b - a +0 robe (worn)
 c - a +0 shield (worn)
 h - a scarf of spirit shield (worn)
Jewellery
 j - a +3 ring of slaying (left hand)
 k - a ring of insulation (right hand)
Wands
 d - a wand of paralysis (10)
Scrolls
 e - a scroll of identify {unknown}
 g - a scroll of amnesia {unknown}
 i - 3 scrolls of remove curse {unknown}
 l - a scroll of blinking {unknown}
Comestibles
 f - 6 rations {!d}


   Skills:
 + Level 4.0 Fighting
 + Level 3.9 Axes
 - Level 2.6 Stealth
 + Level 4.0 Shields
 - Level 1.0 Spellcasting
 - Level 0.5 Hexes
 - Level 0.8 Evocations


You had 4 spell levels left.
You knew the following spells:

 Your Spells              Type           Power        Failure   Level  Hunger
a - Slow                  Hex            #.......     71%         1    ##.....
Your spell library was empty.

Dungeon Overview and Level Annotations

Branches:
Dungeon (2/12)

Altars:
Makhleb
Vehumet

Annotations:
D:2 1 runed door, Sigmund


Innate Abilities, Weirdness & Mutations

You reflexively headbutt those who attack you in melee.
You have a pair of horns on your head.


Message History

You kill the goblin!
Sigmund looks braver for a moment.
Sigmund hits you but does no damage.
Things that are here:
a +0 dagger; a goblin corpse You feel less confused.
You block Sigmund's attack.
You closely miss Sigmund.
Sigmund is moderately wounded.
Sigmund hits you with a +0 scythe!
* * * LOW HITPOINT WARNING * * *
You closely miss Sigmund.
Sigmund is moderately wounded.
You closely miss Sigmund. You headbutt Sigmund.
Sigmund is heavily wounded.
You block Sigmund's attack.
You barely miss Sigmund.
Sigmund is heavily wounded.
Sigmund hits you with a +0 scythe!
You die...

###.##### #.#####.# #..######.#.
........####..<....# #..# #.##
###.###.†>....###..# #..# #.##
### ######### #.## #### #### .#
##.## .# # ..## .##...##.###
.....#...8...#...
....#..#...#..#..
#....#@@8..#.... # #...)...# #
########### #.##.##.# #########
#.......#.######...# ####.#......
#.######.##..# ##.## #..##.######
#.# ##.#...####...####...#.## #.#
##.##.÷...)..#........##.## #
#.###.#...####..###..####...#.###
#.##.##..........#..........##.##


You could see Sigmund.

Vanquished Creatures
  A crimson imp (D:2)
  A worker ant (D:2)
  An ooze (D:2)
  A worm (D:2)
  3 dart slugs (D:2)
  A leopard gecko (D:2)
  3 bats
  2 giant cockroaches
  8 goblins
  7 hobgoblins
  4 kobolds
  A quokka (D:2)
  5 frilled lizards
  4 rats
42 creatures vanquished.

Notes
Turn   | Place    | Note
-------+----------+-------------------------------------------
     0 | D:1      | diana the Minotaur Sloth Apostle began the quest for the
                  | Orb.
     0 | D:1      | Reached XP level 1. HP: 18/18 MP: 1/1
   202 | D:1      | Reached XP level 2. HP: 25/25 MP: 2/2
   771 | D:2      | Reached XP level 3. HP: 25/31 MP: 3/3
   847 | D:2      | Reached XP level 4. HP: 12/38 MP: 0/4
  1119 | D:2      | Found a runed door.
  1222 | D:2      | Reached * piety under Cheibriados
  1738 | D:2      | Found a radiant altar of Vehumet.
  1738 | D:2      | Found a burning altar of Makhleb.
  1764 | D:2      | Noticed Sigmund
  1778 | D:2      | Slain by Sigmund

Skill      XL: |  1  2  3  4 |
---------------+-------------+-----
Fighting       | 3 4 |  4.0
Axes           | 3 |  3.9
Shields        | 3 4 |  4.0
Stealth        | |  2.6
Spellcasting   | |  1.0
Hexes          | |  0.5
Evocations     | |  0.8

Action                   |  1- 3 |  4- 6 || total
-------------------------+-------+-------++-------
Melee: Hand axe          |    71 |    45 ||   116
       Headbutt          |     9 |     5 ||    14
  Use: Potion            |     1 |     1 ||     2
 Stab: Sleeping          |     5 |     4 ||     9
  Eat: Chunk             |       |     2 ||     2
Armor: Robe              |    11 |     5 ||    16
Dodge: Dodged            |    15 |    11 ||    26
Block: Shield            |    25 |    14 ||    39
